 Dungeon Crawl Stone Soup version 0.23.2-40-g277498a001 (webtiles) character file.

Game seed: 1463393877281289293

59 Aggronaut the Ruffian (level 4, -3/40 HPs)
             Began as a Ghoul Monk on Sept 30, 2019.
             Slain by Grinder (8 damage)
             ... while paralysed by Grinder
             ... on level 3 of the Dungeon.
             The game lasted 00:02:28 (926 turns).

Aggronaut the Ruffian (Ghoul Monk)                   Turns: 926, Time: 00:02:28

Health: -3/40      AC:  3    Str: 14    XL:     4   Next: 3%
Magic:  3/3        EV:  2    Int:  5    God:
Gold:   37         SH:  0    Dex: 12    Spells: 3/3 levels left

rFire    . . .     SeeInvis .     - Unarmed
rCold    + . .     Gourm    .   d - +0 buckler
rNeg     + + +     Faith    .   a - +0 robe
rPois    ∞         Spirit   .   (no helmet)
rElec    .         Reflect  .   (no cloak)
rCorr    .         Harm     .   (no gloves)
MR       .....                  f - +0 pair of boots
Stlth    ++........             (no amulet)
HPRegen  0.00/turn              (no ring)
MPRegen  0.08/turn              (no ring)

@: paralysed, rotting
A: rotting body, claws 1, carnivore, cold resistance 1, negative energy
resistance 3, inhibited regeneration, torment resistance, unbreathing
a: no special abilities


You were on level 3 of the Dungeon.
You were not hungry.

You visited 1 branch of the dungeon, and saw 3 of its levels.

You collected 37 gold pieces.

Inventory:

Armour
 a - a +0 robe (worn)
 d - a +0 buckler (worn)
 f - a +0 pair of boots (worn)
Jewellery
 i - an uncursed amulet of the acrobat
Scrolls
 e - 6 scrolls of identify
 g - 2 scrolls of teleportation {unknown}
 h - a scroll of noise {unknown}
Potions
 c - a potion of curing {unknown}
 j - a potion of lignification {unknown}
 l - 2 potions of heal wounds {unknown}
 m - a potion of degeneration {unknown}
Comestibles
 b - 4 rations


   Skills:
 - Level 3.7 Fighting
 - Level 3.0 Dodging
 - Level 2.2 Stealth
 + Level 0.2 Shields
 * Level 4.6 Unarmed Combat


You had 3 spell levels left.
You didn't know any spells.
Your spell library was empty.

Dungeon Overview and Level Annotations

Branches:
Dungeon (3/15)

Altars:

Annotations:
D:3 Grinder


Innate Abilities, Weirdness & Mutations

Your body is rotting away.
You thrive on raw meat.
You are immune to poison.
You have sharp fingernails.
You are carnivorous and can eat meat at any time.
Your flesh is cold resistant. (rC+)
You are immune to negative energy. (rN+++)
You do not regenerate when monsters are visible.
You are immune to unholy pain and torment.
You can survive without breathing.


Message History

Found 10 gold pieces.
You barely miss Grinder. Grinder barely misses you.
You claw Grinder!
Grinder is lightly wounded.
Grinder hits you.
You scratch Grinder.
Grinder is lightly wounded.
Sorry, you're not good enough to have a special ability.
As you read the scroll labeled YTWOZA UTSO, it crumbles to dust.
It is a scroll of identify.
i - an uncursed amulet of the acrobat Grinder gestures at you.
You suddenly lose the ability to move!
Grinder hits you! x2
Grinder hits you.
Grinder blinks!
Grinder hits you!
* * * LOW HITPOINT WARNING * * *
Grinder hits you!
You die...

### #.. #.####
#.##.. #.##.###.#
#.##.<...# ##
#.##.#######.#
#.##.........###
#....###..5@...#
####.###.###.#.#
####.#.....#.#
#........#.#..
#.###..........
#.###.#..#.###.#
#.#.........# .#
#.#.#.##......$#
#####.#....#.######


You could see Grinder.

Vanquished Creatures
  Jessica (D:2)
  2 adders (D:2)
  A dart slug (D:2)
  3 giant cockroaches (D:2)
  2 goblins
  2 hobgoblins (D:2)
  A bat (D:2)
  A kobold (D:3)
  2 rats (D:2)
15 creatures vanquished.

Notes
Turn   | Place    | Note
-------+----------+-------------------------------------------
     0 | D:1      | Aggronaut the Ghoul Monk began the quest for the Orb.
     0 | D:1      | Reached XP level 1. HP: 19/19 MP: 0/0
    55 | D:1      | You fall through a shaft!
   158 | D:2      | Noticed Jessica
   161 | D:2      | Killed Jessica
   161 | D:2      | Reached skill level 4 in Unarmed Combat
   161 | D:2      | Reached XP level 2. HP: 27/27 MP: 1/1
   161 | D:2      | Reached XP level 3. HP: 33/33 MP: 2/2
   544 | D:2      | Reached XP level 4. HP: 40/40 MP: 3/3
   914 | D:3      | Noticed Grinder
   920 | D:3      | Paralysed by Grinder for 7 turns
   926 | D:3      | Slain by Grinder

Skill      XL: |  1 |
---------------+----+-----
Dodging        | 3 |  3.0
Unarmed Combat | 4 |  4.6
Fighting       | |  3.7
Stealth        | |  2.2
Shields        | |  0.2

Action                   |  1- 3 |  4- 6 || total
-------------------------+-------+-------++-------
Melee: Unarmed           |    47 |     7 ||    54
  Use: Scroll            |       |     1 ||     1
 Stab: Sleeping          |       |     1 ||     1
  Eat: Chunk             |     2 |     1 ||     3
Armor: Robe              |    13 |       ||    13
Dodge: Dodged            |    24 |     3 ||    27
Block: Buckler           |       |     2 ||     2
